 Dungeon Crawl Stone Soup version 0.30-a0-851-gbd0d260d8e (webtiles) character file.

Game seed: 16815088218953318246

1265 ho4mwr the Fighter (level 8, 0/77 HPs)
             Began as a Hill Orc Cinder Acolyte on Mar 4, 2023.
             Was a Believer of Ignis.
             Succumbed to Edmund's poison
             ... on level 3 of the Dungeon.
             The game lasted 00:25:39 (4400 turns).

ho4mwr the Fighter (Hill Orc Cinder Acolyte)        Turns: 4400, Time: 00:25:40

Health: 0/77       AC: 14    Str: 18 (19) XL:     8   Next: 52%
Magic:  9/9        EV: 10    Int: 11 (14) God:    Ignis [**....]
Gold:   200        SH:  0    Dex:  4 (6)  Spells: 9/9 levels left

rFire   + + .      SeeInvis .    y - +0 war axe
rCold   . . .      Faith    .    (no shield)
rNeg    . . .      Spirit   .    m - +0 ring mail
rPois   .          Reflect  .    k - +0 helmet
rElec   .          Rampage  .    (no cloak)
rCorr   .                        (no gloves)
Will    .....                    (no boots) Stlth
                                 (no amulet)
HPRegen 0.32/turn                c - +4 ring of slaying
MPRegen 0.11/turn                n - ring of protection from fire

@: brilliant, lethally poisoned (0 -> -2), on berserk cooldown, attractive,
fiery-armoured, flying, hasted and slowed, invisible
A: no striking features
a: Renounce Religion, Fiery Armour, Foxfire Swarm


   Skills:
 * Level 8.9 Fighting
 * Level 8.2 Axes
 + Level 0.7 Throwing
 * Level 5.1 Armour
 - Level 1.0 Spellcasting
 - Level 3.2 Fire Magic


You had 9 spell levels left.
You didn't know any spells.
Your spell library contained the following spells:

 Spells                   Type           Power      Damage    Failure   Level
 Scorch                   Fire           22%        2d6       22%         2
 Apportation              Tloc           0%         N/A       47%         1
 Kiss of Death            Conj/Necr      0%         2d5       47%         1
 Shock                    Conj/Air       0%         1d3       47%         1
 Confusing Touch          Hex            0%         N/A       85%         3
 Swiftness                Air            0%         N/A       85%         3
 Airstrike                Air            0%         2d(0-16)  99%         4
 Dispel Undead            Necr           0%         3d6       99%         4
 Alistair's Intoxication  Tmut/Pois      0%         N/A       100%        5

Inventory:

Hand Weapons
 a - a -1 hand axe of flaming
 g - a +2 broad axe of electrocution
 i - a +1 dagger of venom
 y - a +0 war axe (weapon)
Missiles
 f - 27 stones
 o - 8 poisoned darts (quivered)
 p - a throwing net
Armour
 k - a +0 helmet (worn)
 m - a +0 ring mail (worn)
Jewellery
 c - a +4 ring of slaying (left hand)
 n - a ring of protection from fire (right hand)
Wands
 e - a wand of polymorph (9)
 v - a wand of roots (15)
Scrolls
 t - a scroll of magic mapping {unknown}
 w - a scroll of amnesia {unknown}
 x - a scroll of identify {unknown}
Potions
 b - 2 potions of lignification
 d - 2 potions of haste
 h - 4 potions of attraction
 r - a potion of brilliance

##.#.###.#.# #.....#.### ##.##
#.#.# #.......... ###
#.#.####.#####.### ##########
#.#............# ####........##
#.#.####.#####.#
.........#...###)#.####.#####.#
######...........#............#
#...#...####...###.#####.#
######.....☹.......# #.#
#######...##### #.#
##.##########.# #...........<#
##############


There were no monsters in sight!


Message History

Edmund is lightly wounded.
You feel very sick. Edmund hits you but does no damage.
You are more poisoned.
Edmund is burned by your cloak of flames.
Edmund is moderately wounded.
You hit Edmund.
Edmund is moderately wounded.
You feel very sick. Edmund hits you but does no damage.
You are more poisoned.
Edmund is burned by your cloak of flames.
Edmund is moderately wounded.
Edmund barely misses you.
You closely miss Edmund.
Edmund is moderately wounded.
You feel very sick.
Edmund says, "People accused me of being a cutpurse!"
Edmund hits you with a +0 flail of venom!
You slash Edmund! Your punch misses Edmund.
Edmund is heavily wounded.
You feel very sick.
Edmund hits you with a +0 flail of venom!
* * * LOW HITPOINT WARNING * * *
You are more poisoned.
Edmund is burned by your cloak of flames.
Edmund is heavily wounded.
It was a potion of haste.
You feel yourself speed up.
You feel very sick. Edmund barely misses you.
It was a potion of attraction.
You feel attractive to monsters.
You feel very sick.
It was a potion of brilliance.
You feel clever all of a sudden.
You feel sick.
Edmund hits you with a +0 flail of venom!
* * * LOW HITPOINT WARNING * * *
You are lethally poisoned!
Edmund is burned by your cloak of flames.
Edmund is severely wounded.
It was a potion of degeneration.
There was something very wrong with that liquid.
You feel weakened.
You feel dopey.
You feel clumsy.
* * * LOW HITPOINT WARNING * * *
You feel very sick. Edmund barely misses you.
It was a potion of curing.
You feel better.
Edmund hits you with a +0 flail of venom!
* * * LOW HITPOINT WARNING * * *
You are poisoned.
It was a potion of berserk rage.
A red film seems to cover your vision as you go berserk!
You feel yourself moving faster!
You feel mighty!
You feel very sick.
Unknown command.
You are too berserk!
You slash Edmund!
Edmund is almost dead.
You feel very sick. Edmund hits you but does no damage.
You are more poisoned.
You slash Edmund!
You kill Edmund!
* * * LOW HITPOINT WARNING * * *
You feel very sick.
Your Armour skill increases to level 5!
You feel very sick.
You feel a strong urge to attack something.
You feel very sick.
You start resting.
You feel sick.
You feel your anger nearly subside.
You are no longer berserk.
You are exhausted.
You feel yourself slow down.
* * * LOW HITPOINT WARNING * * *
You feel sick.
There is a lethal amount of poison in your body!
It was a potion of invisibility.
You fade into invisibility!
* * * LOW HITPOINT WARNING * * *
You feel very sick.
It was a potion of flight.
You feel very buoyant.
You fly up into the air.
* * * LOW HITPOINT WARNING * * *
You feel sick.
It was a potion of magic.
Magic courses through your body.
* * * LOW HITPOINT WARNING * * *
You feel sick.
Okay, then.
Okay, then.
Your cloak of flame flares fiercely!
* * * LOW HITPOINT WARNING * * *
You feel sick.
This is a scroll of acquirement!
Something appears at your feet!
* * * LOW HITPOINT WARNING * * *
You feel sick.
g - a +2 broad axe of electrocution You die...

Dungeon Overview and Level Annotations

Branches:
Dungeon (4/15)
 Temple: D:4-7

Altars:
Hepliaklqana
Uskayaw

Annotations:
D:3 1 runed translucent door, Crazy Yiuf

Notes
Turn   | Place    | Note
-------+----------+-------------------------------------------
     0 | D:1      | ho4mwr the Hill Orc Cinder Acolyte began the quest for the
                  | Orb.
     0 | D:1      | Reached XP level 1. HP: 19/19 MP: 2/2
   231 | D:1      | Reached XP level 2. HP: 27/27 MP: 3/3
   326 | D:1      | Reached skill level 1 in Armour
   363 | D:1      | Reached XP level 3. HP: 34/34 MP: 4/4
   583 | D:2      | Noticed Natasha
   602 | D:1      | Killed Natasha
   614 | D:1      | Noticed Natasha
   623 | D:1      | Killed Natasha
   624 | D:1      | Reached skill level 5 in Fighting
   624 | D:1      | Reached XP level 4. HP: 25/42 MP: 5/5
   692 | D:2      | Noticed Sigmund
  1168 | D:2      | Reached skill level 5 in Axes
  1238 | D:2      | Reached XP level 5. HP: 40/48 MP: 6/6
  1405 | D:2      | Found a hide-covered altar of Uskayaw.
  1947 | D:3      | Noticed Grinder
  1953 | D:3      | Paralysed by Grinder for 4 turns
  1960 | D:3      | Paralysed by Grinder for 4 turns
  1966 | D:3      | Killed Grinder
  1967 | D:3      | Reached XP level 6. HP: 26/58 MP: 7/7
  2226 | D:3      | Noticed Jessica
  2294 | D:3      | Killed Jessica
  2493 | D:3      | Found a runed translucent door.
  2494 | D:3      | Noticed Crazy Yiuf
  2906 | D:3      | Found a hazy altar of Hepliaklqana.
  3176 | D:4      | Noticed Edmund
  3341 | D:2      | Killed Sigmund
  3342 | D:2      | Reached XP level 7. HP: 25/66 MP: 8/8
  3989 | D:4      | Noticed Pikel
  4008 | D:4      | Killed Pikel
  4009 | D:4      | Reached XP level 8. HP: 55/75 MP: 9/9
  4390 | D:3      | Killed Edmund
  4391 | D:3      | Reached skill level 5 in Armour
  4397 | D:3      | HP: 3/77 [poisoned by Edmund]
  4398 | D:3      | HP: 1/77 [poisoned by Edmund]
  4399 | D:3      | Identified a scroll of acquirement
  4399 | D:3      | Acquired a +2 broad axe of electrocution
  4400 | D:3      | Succumbed to Edmund's poison

Levels and vault maps discovered:
D:1:      heliophobic_arrival_enchanted_forest, layout_rooms,
          minmay_misc_feat_secret_circle, chequers_serial_rivers_marsh
D:2:      layout_basic, basic_altar, glass_columns_b, uniq_natasha, uniq_sigmund
D:3:      minmay_inner_zag, layout_loops_ring, marbit_many_paths,
          uniq_crazy_yiuf_cottage, uniq_grinder, uniq_jessica
D:4:      layout_rooms, uniq_edmund, uniq_pikel

Vanquished Creatures
  Pikel (D:4)
  Grinder (D:3)
  Sigmund (D:2)
  Edmund (D:3)
  2 hounds (D:4)
  Jessica (D:3)
  An iguana (D:3)
  Natasha (twice) (D:1)
  3 gnolls (D:4)
  5 adders (D:2)
  An ufetubus (D:4)
  5 dart slugs (D:1 D:3 D:4)
  2 orcs (D:3)
  4 ball pythons (D:3 D:4)
  8 endoplasms (D:1 D:2 D:3)
  5 giant cockroaches (D:1 D:3)
  7 goblins (D:1 D:2 D:3 D:4)
  5 hobgoblins (D:1 D:2 D:3)
  9 jackals (D:1 D:2 D:4)
  13 kobolds (D:1 D:2 D:3 D:4)
  A quokka (D:3)
  9 bats (D:1 D:3)
  2 frilled lizards (D:1 D:2)
  4 rats (D:1 D:3 D:2)
93 creatures vanquished.

Vanquished Creatures (others)
  20 foxfires (D:1 D:4)
20 creatures vanquished.

Grand Total: 113 creatures vanquished

Action                     |  1- 3 |  4- 6 |  7- 9 || total
---------------------------+-------+-------+-------++-------
  Melee: Hand axe          |    68 |   139 |    62 ||   269
         Dagger            |     1 |       |       ||     1
         Punch             |       |     1 |     2 ||     3
         War axe           |       |       |    12 ||    12
  Throw: Dart              |       |       |     2 ||     2
 Invoke: Fiery Armour      |     2 |     1 |     2 ||     5
         Foxfire Swarm     |     1 |       |     1 ||     2
         Rising Flame      |       |       |     1 ||     1
    Use: Potion            |     2 |     4 |     9 ||    15
         Scroll            |       |     2 |     1 ||     3
 Armour: Robe              |    17 |     6 |       ||    23
         Ring mail         |       |    25 |    30 ||    55
         Leather armour    |       |     5 |       ||     5
  Dodge: Dodged            |    41 |    58 |    25 ||   124

Table legend: (Time is in decaauts)
 A = Elapsed time spent in this place.
 B = Non-inter-level travel time spent in this place.
 C = Inter-level travel time spent in this place.
 D = Time resting spent in this place.
 E = Time spent auto-exploring this place.
 F = Levels seen in this place.
 G = Mean time per level.
                   A        B        C        D        E       F      G
               +--------+--------+--------+--------+--------+-----+--------+
         Total |   4406 |   3994 |    412 |    596 |   2489 |   4 | 1101.5 |
       Dungeon |   4406 |   3994 |    412 |    596 |   2489 |   4 | 1101.5 |
               +--------+--------+--------+--------+--------+-----+--------+

Top non-repeatable levels by time:
     D:3: 1669 daAuts
     D:2: 1557 daAuts
     D:1: 723 daAuts
     D:4: 455 daAuts

Table legend:
 A = Kills in this place as a percentage of kills in the entire game.
 B = Kills by you in this place as a percentage of kills by you in the entire game.
 C = Kills by friends in this place as a percentage of kills by friends in the entire game.
 D = Other kills in this place as a percentage of other kills in the entire game.
 E = Experience gained in this place as a percentage of experience gained in the entire game.
 F = Experience gained in this place divided by the number of levels of this place that you have seen.
                   A       B       C       D       E      F
               +-------+-------+-------+-------+-------+----------------------
         Total | 100.0 | 100.0 |   N/A |   N/A | 100.0 | 452.0
       Dungeon | 100.0 | 100.0 |   N/A |   N/A | 100.0 | 452.0
               +-------+-------+-------+-------+-------+----------------------
